 Dungeon Crawl Stone Soup version 0.19.5 (console) character file.

641 Grinner the Slasher (level 7, -2/50 HPs)
             Began as a Mummy Gladiator on Mar 5, 2017.
             Slain by Pikel
             ... wielding a +0 whip of electrocution
              (9 damage)
             ... on level 4 of the Dungeon.
             The game lasted 00:08:45 (3097 turns).

Grinner the Slasher (Mummy Gladiator)               Turns: 3097, Time: 00:08:46

Health: -2/50      AC:  5    Str: 18    XL:     7   Next: 26%
Magic:  7/7        EV:  8    Int:  7    God:
Gold:   177        SH: 13    Dex: 15    Spells: 0 memorised, 6 levels left

rFire  . . .     SeeInvis .     a - +2 falchion (elec)
rCold  + . .     Gourm    .     j - +0 leather armour
rNeg   + + +     Faith    .     p - +0 large shield
rPois  ∞         Spirit   .     c - +0 helmet
rElec  .         Reflect  .     (no cloak)
rCorr  +         Harm     .     t - +0 pair of gloves
MR     .....                    (no boots)
Stlth  ++........               (no amulet)
                                k - ring of resist corrosion
                                g - ring of protection from fire

@: no status effects
A: no food or potions, fire vulnerability, cold resistance 1, negative energy
resistance 3, torment resistance, unbreathing
a: no special abilities


You were on level 4 of the Dungeon.
You were not hungry.

You visited 1 branch of the dungeon, and saw 4 of its levels.

You collected 177 gold pieces.

Inventory:

Hand Weapons
 a - a +2 falchion of electrocution (weapon)
 b - a +2 dagger of venom
 o - a +0 quarterstaff
Missiles
 d - 3 throwing nets (quivered)
Armour
 c - a +0 helmet (worn)
 j - a +0 leather armour (worn)
 p - a +0 large shield (worn)
 t - a +0 pair of gloves (worn)
Jewellery
 g - a ring of protection from fire (left hand)
 k - a ring of resist corrosion (right hand)
Scrolls
 e - a scroll of magic mapping {unknown}
 f - a scroll of random uselessness {unknown}
 h - 8 scrolls of identify {unknown}
 i - a scroll of enchant armour {unknown}
 l - 2 scrolls of enchant weapon {unknown}
 m - 2 scrolls of amnesia {unknown}
 n - a scroll of remove curse
 q - a scroll of noise {unknown}
 s - a scroll of immolation {unknown}
 u - a scroll of recharging {unknown}
Books
 r - a book of Minor Magic

   Spells                             Type                      Level
   a - Magic Dart                     Conjuration                  1
   b - Blink                          Translocation                2
   c - Call Imp                       Summoning                    2
   d - Repel Missiles                 Charms/Air                   2
   e - Slow                           Hexes                        2
   f - Conjure Flame                  Conjuration/Fire             3
   g - Mephitic Cloud                 Conjuration/Poison/Air       3


   Skills:
 - Level 2.0 Fighting
 * Level 4.0 Long Blades
 - Level 3.4 Staves
 - Level 1.5 Throwing
 - Level 3.0 Dodging
 + Level 2.9 Stealth
 + Level 2.5 Shields


You had 6 spell levels left.
You didn't know any spells.

Dungeon Overview and Level Annotations

Branches:
Dungeon (4/15)
 Temple: D:4-7

Altars:
Cheibriados
Trog

Annotations:
D:4 Pikel


Innate Abilities, Weirdness & Mutations

You do not eat or drink.
Your flesh is vulnerable to fire.
You are immune to poison.
Your flesh is cold resistant. (rC+)
You are immune to negative energy. (rN+++)
You are immune to unholy pain and torment.
You can survive without breathing.


Message History

Pikel is lightly wounded.
You block Pikel's attack.
Your shield prevents you from hitting Pikel.
Pikel is lightly wounded.
Pikel closely misses you. Pikel barely misses you.
Your shield prevents you from hitting Pikel.
Pikel is lightly wounded.
You block Pikel's attack.
You hit Pikel but do no damage.
Pikel is lightly wounded.
You block Pikel's attack.
You hit Pikel but do no damage.
Pikel is lightly wounded.
Pikel hits you with a whip of electrocution.
You are electrocuted!
* * * LOW HITPOINT WARNING * * *
As you read the scroll labeled UGENIA EQOA, it crumbles to dust.
You feel blessed for a moment.
It was a scroll of remove curse.
Pikel hits you with a whip of electrocution!
You die...

#.#
###<#
#...#
#.### .
#.#
....#
##.##
.....
#...####
..##.
#.#....#
#!..##@#
######K#
#p# #p#
#p# #p#
#.# #.#


You could see Pikel and 4 slaves.

Vanquished Creatures
  Grinder (D:3)
  An ogre (D:4)
  The ghost of Heathenbot the Charmwright, an amateur HESk (D:3)
  The ghost of Likado the Poker, an amateur VSSk (D:4)
  A crimson imp (D:3)
  A hound (D:4)
  Natasha (twice) (D:3)
  Robin (D:4)
  3 adders
  4 oozes
  A worm (D:3)
  A dart slug (D:2)
  A leopard gecko (D:3)
  5 orcs (D:3)
  3 giant cockroaches
  11 goblins
  6 hobgoblins
  A quokka (D:3)
  12 bats
  8 frilled lizards
  7 kobolds
  5 rats
77 creatures vanquished.

Notes
Turn   | Place    | Note
-------+----------+-------------------------------------------
     0 | D:1      | Grinner the Mummy Gladiator began the quest for the Orb.
     0 | D:1      | Reached XP level 1. HP: 16/16 MP: 1/1
   110 | D:1      | Reached XP level 2. HP: 14/22 MP: 2/2
   524 | D:1      | Reached XP level 3. HP: 23/27 MP: 3/3
   669 | D:2      | Found a faded altar of an unknown god.
   669 | D:2      | Found a faded altar of an unknown god.
   676 | D:2      | Found a faded altar of an unknown god.
   678 | D:2      | Found a bloodstained altar of Trog.
   680 | D:2      | Found a faded altar of an unknown god.
  1368 | D:3      | Reached XP level 4. HP: 22/33 MP: 4/4
  1652 | D:3      | Noticed Grinder
  1662 | D:3      | Killed Grinder
  1662 | D:3      | Reached skill level 2 in Long Blades
  1662 | D:3      | Reached skill level 1 in Stealth
  1662 | D:3      | Reached skill level 1 in Shields
  1662 | D:3      | Reached XP level 5. HP: 30/38 MP: 5/5
  1745 | D:3      | Noticed Natasha
  1747 | D:3      | Killed Natasha
  1747 | D:3      | Reached XP level 6. HP: 44/44 MP: 6/6
  1841 | D:3      | Noticed Heathenbot's ghost (amateur HESk)
  1854 | D:3      | Killed Heathenbot's ghost
  1854 | D:3      | Reached skill level 3 in Long Blades
  1957 | D:3      | Noticed Natasha
  1964 | D:3      | Killed Natasha
  1969 | D:3      | Found a snail-covered altar of Cheibriados.
  2562 | D:4      | Noticed Robin
  2567 | D:4      | Killed Robin
  2618 | D:4      | Noticed Likado's ghost (amateur VSSk)
  2632 | D:4      | Killed Likado's ghost
  2632 | D:4      | Reached XP level 7. HP: 38/50 MP: 7/7
  2801 | D:4      | Reached skill level 4 in Long Blades
  3080 | D:4      | Noticed Pikel
  3097 | D:4      | Slain by Pikel

Skill      XL: |  1  2  3  4  5  6  7 |
---------------+----------------------+-----
Staves         | 3 |  3.4
Dodging        | 3 |  3.0
Long Blades    | 2 3 4 |  4.0
Stealth        | 1 2 |  2.9
Shields        | 1 2 |  2.5
Fighting       | |  2.0
Throwing       | |  1.5

Action                   |  1- 3 |  4- 6 |  7- 9 || total
-------------------------+-------+-------+-------++-------
Melee: Quarterstaff      |    71 |       |       ||    71
       Falchion          |    10 |   131 |    25 ||   166
  Use: Scroll            |       |       |     1 ||     1
 Stab: Sleeping          |       |       |     1 ||     1
Armor: Leather armour    |    27 |    28 |     1 ||    56
Dodge: Dodged            |    63 |    45 |     6 ||   114
Block: Large shield      |     1 |    86 |    14 ||   101
       Rpst.: Falchion   |     1 |    23 |     2 ||    26
